 Dungeon Crawl Stone Soup version 0.31-a0-233-g139696dc86 (webtiles) character file.

Game seed: 16564516140482938487

105 qw the Shooter (level 4, -1/36 HPs)
             Began as a Minotaur Hexslinger on July 9, 2023.
             Slain by Sigmund
             ... wielding a +0 scythe
              (4 damage)
             ... on level 3 of the Dungeon.
             The game lasted 00:00:41 (1323 turns).

qw the Shooter (Minotaur Hexslinger)                Turns: 1323, Time: 00:00:41

Health: -1/36      AC:  5    Str: 13    XL:     4   Next: 54%
Magic:  4/4        EV: 12    Int: 10    God:
Gold:   96         SH:  0    Dex: 14    Spells: 4/5 levels left

rFire   + . .        Y - +1 sling (flame)
rCold   . . .        (no shield)
rNeg    . . .        h - +2 leather armour {rF+}
rPois   .            (helmet restricted)
rElec   .            (no cloak)
rCorr   .            (no gloves)
SInv    .            (no boots)
Will    .....        (no amulet)
Stlth   +            (no ring)
HPRegen 0.26/turn    (no ring)
MPRegen 0.09/turn

%: no passive effects
@: no status effects
A: horns 2, retaliatory headbutt
a: no special abilities


You were on level 3 of the Dungeon.
You visited 1 branch of the dungeon, and saw 3 of its levels.

You collected 96 gold pieces.


Innate Abilities, Weirdness & Mutations

You have a pair of horns on your head.
You reflexively headbutt those who attack you in melee.


   Skills:
 + Level 2.3 Fighting
 - Level 5.0 Ranged Weapons
 - Level 2.1 Dodging
 - Level 1.0 Spellcasting
 - Level 2.0 Hexes


You had 4 spell levels left.
You knew the following spells:

 Your Spells              Type           Power      Damage    Failure   Level
a - Slow                  Hex            16%        N/A       19%         1

Your spell library contained the following spells:

 Spells                   Type           Power      Damage    Failure   Level
 Inner Flame              Hex/Fire       2%         N/A       65%         3
 Portal Projectile        Hex/Tloc       4%         N/A       65%         3
 Cause Fear               Hex            2%         N/A       88%         4

Inventory:

Hand Weapons
 Y - a +1 sling of flaming (weapon)
Armour
 f - a +3 ring mail
 h - a +2 leather armour of fire resistance (worn)
Jewellery
 a - a ring of ice
Scrolls
 b - 4 scrolls of identify
Potions
 c - a potion of might {unknown}
 d - a potion of heal wounds {unknown}
 e - a potion of invisibility {unknown}
 g - a potion of lignification {unknown}
 j - a potion of berserk rage {unknown}

Dungeon Overview and Level Annotations

Branches:
Dungeon (3/15)

Altars:

Annotations:
D:3 Sigmund


Message History

The sling bullet barely misses the adder.
The adder bites you but does no damage.
You shoot a sling bullet.
The sling bullet closely misses the adder.
The adder bites you. Sigmund closely misses you. The adder closely misses you.
You shoot a sling bullet.
The sling bullet closely misses the adder.
The adder bites you but does no damage. Sigmund closely misses you.
You shoot a sling bullet.
The sling bullet barely misses the adder.
The adder bites you but does no damage. x2
You shoot a sling bullet.
The sling bullet completely misses the adder.
Sigmund gestures wildly while chanting.
Sigmund flickers and vanishes!
Deactivating autopickup; reactivate with Ctrl-A.
The adder misses you.
You shoot a sling bullet.
The sling bullet barely misses the adder.
The adder bites you. Something hits you! The adder bites you.
You shoot a sling bullet.
The sling bullet hits the adder but does no damage.
Something hits you but does no damage. The adder barely misses you.
You shoot a sling bullet. The sling bullet hits the adder.
The sling bullet burns the adder.
The adder is moderately wounded.
The adder closely misses you. Something hits you! The adder bites you.
You are poisoned.
The adder poisons you!
You shoot a sling bullet. The sling bullet hits the adder.
The sling bullet burns the adder.
You kill the adder!
You feel sick. Something hits you!
You shoot a sling bullet.
You feel sick.
You shoot a sling bullet.
You feel sick.
You are no longer poisoned.
Something hits you.
You die...

#####
##########...#
#..........#.#
#.########...#
#.# ##.## #.#
#.#### . #.#
#.@%.# .# #.#
####{#
.####.#######
[#
.............
@#
.###..#######
.# .# #..# ..
.###..# .#
......# .#
?....##


There were no monsters in sight!

Vanquished Creatures
  3 adders
  9 dart slugs
  5 orcs (D:3)
  2 endoplasms (D:1)
  3 giant cockroaches
  4 goblins
  4 hobgoblins
  6 jackals (D:1)
  4 quokkas
  5 bats
  3 kobolds
  4 rats
52 creatures vanquished.

Notes
Turn   | Place    | Note
-------+----------+-------------------------------------------
     0 | D:1      | qw the Minotaur Hexslinger began the quest for the Orb.
     0 | D:1      | Reached XP level 1. HP: 16/16 MP: 1/1
     0 | D:1      | 0 ||| qw: Version: 0.3-a-51-g015441d
     0 | D:1      | 0 ||| qw: Game counter: 3837
     0 | D:1      | 0 ||| qw: Melee chars always use a shield: true
     0 | D:1      | 0 ||| qw: God list: Okawaru
     0 | D:1      | 0 ||| qw: Allow faded altars: false
     0 | D:1      | 0 ||| qw: Do Orc after clearing Dungeon:15 true
     0 | D:1      | 0 ||| qw: Do second Lair branch before Depths: true
     0 | D:1      | 0 ||| qw: Lair rune preference: random
     0 | D:1      | 0 ||| qw: Goals: Normal
     0 | D:1      | 0 ||| PLANNING D:1-11
   259 | D:1      | Reached skill level 3 in Ranged Weapons
   264 | D:1      | Reached XP level 2. HP: 23/23 MP: 2/2
   591 | D:1      | Reached XP level 3. HP: 29/29 MP: 3/3
   687 | D:1      | Found a faded altar of an unknown god.
   688 | D:1      | 688 ||| READING scroll labelled CEHEENG LOUDUC.
   689 | D:1      | 689 ||| READING scroll labelled KIMERE XOWY.
   690 | D:1      | 690 ||| READING scroll labelled ITOSEALIEC.
   691 | D:1      | 691 ||| DROPPING scroll of poison.
   836 | D:2      | Reached skill level 4 in Ranged Weapons
   861 | D:2      | 861 ||| FLEEEEING.
   862 | D:2      | 862 ||| FLEEEEING.
   863 | D:2      | 863 ||| FLEEEEING.
  1121 | D:2      | 1121 ||| UPGRADING to +2 leather armour of fire resistance.
  1131 | D:2      | 1131 ||| DROPPING +0 robe.
  1132 | D:2      | 1132 ||| READING scroll labelled VONUM FEHI.
  1149 | D:3      | 1149 ||| STAIRDANCE
  1164 | D:3      | Reached XP level 4. HP: 29/36 MP: 4/4
  1164 | D:3      | 1164 ||| STAIRDANCE
  1206 | D:3      | 1206 ||| FLEEEEING.
  1274 | D:3      | Reached skill level 5 in Ranged Weapons
  1309 | D:3      | Noticed Sigmund
  1312 | D:3      | 1312 ||| Stepping ~*~*~tactically~*~*~ (outnumbered).
  1321 | D:3      | HP: 4/36 [something (7)]
  1323 | D:3      | Slain by Sigmund

Levels and vault maps discovered:
D:1:      erik_arrival_blinker_ship, layout_loops_ring,
          shapermc_ecumenical_altar_mp_vishouse
D:2:      layout_basic, minmay_tromino_v2
D:3:      kennysheep_slugbush, layout_loops_ring, serial_shops,
          nicolae_shop_back_alley_shop, shop, shop, uniq_sigmund

Skill      XL: |  1  2  3  4 |
---------------+-------------+-----
Ranged Weapons | 3 4 5 |  5.0
Fighting       | 2 |  2.3
Dodging        | |  2.1
Spellcasting   | |  1.0
Hexes          | |  2.0

Action                     |  1- 3 |  4- 6 || total
---------------------------+-------+-------++-------
   Fire: Sling             |   107 |    49 ||   156
    Use: Scroll            |     4 |       ||     4
 Armour: Robe              |     7 |       ||     7
         Leather armour    |       |     9 ||     9
  Dodge: Dodged            |    41 |    19 ||    60

Table legend:
 A = Non-vault XP
 B = Vault XP
 C = Vault XP percentage of total XP
 D = Non-vault monster count
 E = Vault monster count
 F = Vault count percentage of total count
                 A         B        C        D         E       F
            +---------+---------+-------+---------+---------+-------
      Total |     116 |      35 |  23.2 |      42 |      10 |  19.2
            +---------+---------+-------+---------+---------+-------
        D:1 |      42 |       0 |   0.0 |      25 |       0 |   0.0
        D:2 |      38 |       3 |   7.3 |       7 |       2 |  22.2
        D:3 |      36 |      32 |  47.1 |      10 |       8 |  44.4
            +---------+---------+-------+---------+---------+-------
